 Dungeon Crawl Stone Soup version 0.31-a0-1308-ga3cce3a448 (webtiles) character file.

Game seed: 18050940993816242872

57430 mirrorencyclopedia the Earth Mage (level 14, -1/102 HPs)
             Began as a Gargoyle Earth Elementalist on Dec 20, 2023.
             Was a High Priest of Ashenzari.
             Slain by a boulder beetle (16 damage)
             ... on level 12 of the Dungeon.
             The game lasted 00:36:32 (23814 turns).

mirrorencyclopedia the Earth Mage (GrEE)           Turns: 23814, Time: 00:36:32

Health: -1/102     AC: 33    Str: 11    XL:     14   Next: 86%
Magic:  19/38      EV:  7    Int: 31    God:    Ashenzari [*****.]
Gold:   1073       SH:  8    Dex: 10    Spells: 22/36 levels left

rFire   . . .        j - +3 hand axe of Supernal Gnosis {flame, Fort, Bglg} (curse)
rCold   . . .        J - +2 buckler "Behold Eternity" {Self, Melee} (curse)
rNeg    + . .        c - +0 chain mail "Shackled Together" {Bglg, Range} (curse)
rPois   ∞            D - +2 helmet of Supernal Wisdom {Int+3, Self, Fort} (curse)
rElec   +            k - +1 cloak "Share My Seer" {Bglg, Elem} (curse)
rCorr   .            (no gloves)
SInv    +            q - +1 pair of boots of Supernal Gnosis {Elem, Alch} (curse)
Will    +....        R - amulet of Ashenzari's Insecurity {RegenMP, Alch, Bglg} (curse) Stlth
                     I - ring "Ruined Together" {Int+6, Dev, Self} (curse)
HPRegen 0.37/turn    W - ring "Oracular Secrets" {MP+9, Fort, Bglg} (curse)
MPRegen 0.66/turn

%: clarity
@: flying
A: sickness immunity, AC +10, big wings, negative energy resistance 1,
electricity resistance, torment resistance 1, petrification resistance
a: Renounce Religion, Shatter the Chains


You were on level 12 of the Dungeon.
You worshipped Ashenzari.
Ashenzari was extremely pleased with you.
You visited 3 branches of the dungeon, and saw 18 of its levels.
You also visited: Sewer and Gauntlet.

You collected 1598 gold pieces.
You spent 525 gold pieces at shops.


Innate Abilities, Weirdness & Mutations

You are immune to sickness and miasma.
Your stone body is resilient. (AC +10)
You are immune to poison.
Your large and strong wings let you fly.
You resist negative energy. (rN+)
You are resistant to electric shocks. (rElec)
You are resistant to unholy torment.
You are immune to petrification.


   Skills:
 + Level 12.9(17.1) Fighting
 + Level 13.0(17.1) Armour
 - Level 1.5 Dodging
 - Level 2.1 Stealth
 + Level 5.6(9.6) Shields
 + Level 7.6(11.8) Spellcasting
 + Level 8.8(14.6) Conjurations
 - Level 0.7(2.2) Transmutations
 + Level 17.4(20.3) Earth Magic
 + Level 4.4(6.5) Evocations


You had 22 spell levels left.
You knew the following spells:

 Your Spells              Type           Power      Damage    Failure   Level
a - Sandblast             Erth           100%       2d20      0%          1
b - Passwall              Tmut/Erth      60%        N/A       1%          2
c - Stone Arrow           Conj/Erth      100%       3d13      1%          3
d - Petrify               Tmut/Erth      73%        N/A       3%          4
e - Brom's Barrelling Bo  Conj/Erth      91%        2d10      1%          4

Your spell library contained the following spells:

 Spells                   Type           Power      Damage    Failure   Level
 Momentum Strike          Conj/Tloc      100%       3d10      1%          2
 Mephitic Cloud           Conj/Pois/Air  50%        N/A       12%         3
 Iskenderun's Mystic Bla  Conj/Tloc      61%        2d13      14%         4
 Sting                    Tmut/Pois      100%       1d8       19%         1
 Apportation              Tloc           46%        N/A       22%         1
 Necrotise                Necr           72%        1d7       32%         1
 Summon Small Mammal      Summ           72%        N/A       32%         1
 Blink                    Tloc           46%        N/A       34%         2
 Lesser Beckoning         Tloc           46%        N/A       34%         2
 Poisonous Vapours        Pois/Air       40%        N/A       38%         2
 Tukima's Dance           Hex            23%        N/A       56%         3
 Inner Flame              Hex/Fire       22%        N/A       58%         3
 Summon Guardian Golem    Hex/Summ       21%        N/A       63%         3
 Call Canine Familiar     Summ           18%        N/A       69%         3
 Freezing Cloud           Conj/Ice/Air   25%        6-21      73%         5
 Dimensional Bullseye     Hex/Tloc       11%        N/A       92%         4
 Olgreb's Toxic Radiance  Pois           20%        N/A       95%         4
 Yara's Violent Unravell  Hex/Tmut       14%        3d7       99%         5
 Enfeeble                 Hex            11%        N/A       100%        7

Inventory:

Hand Weapons
 f - the +7 hand axe "Iral" {distort, rPois Will+ Int-3}
   (You found it on level 4 of the Dungeon)

   Int-3:     It affects your intelligence (-3).
   rPois:     It protects you from poison Will+: It increases your willpower.
 j - the cursed +3 hand axe of Supernal Gnosis (weapon) {flame, Fort, Bglg}
   (You found it on level 1 of the Dungeon)

   It has a curse which improves the following skills: Fortitude: Armour and
   Shields.
   Beguiling: Conjurations, Hexes and Translocations.
 T - a +0 morningstar of draining
Missiles
 l - 6 throwing nets {=f}
Armour
 a - a +0 plate armour
 c - the cursed +0 chain mail "Shackled Together" (worn) {Bglg, Range}
   (You took it off an orc on level 8 of the Dungeon)

   It has a curse which improves the following skills: Beguiling: Conjurations,
   Hexes and Translocations.
   Ranged Combat: Ranged Weapons and Throwing.
 k - the cursed +1 cloak "Share My Seer" (worn) {Bglg, Elem}
   (You found it on level 5 of the Dungeon)

   It has a curse which improves the following skills: Beguiling: Conjurations,
   Hexes and Translocations.
   Elements:  Fire Magic, Ice Magic, Air Magic and Earth Magic.
 q - the cursed +1 pair of boots of Supernal Gnosis (worn) {Elem, Alch}
   (You bought it in a shop on level 3 of the Dungeon)

   It has a curse which improves the following skills: Elements: Fire Magic, Ice
   Magic, Air Magic and Earth Magic.
   Alchemy:   Poison Magic and Transmutations.
 D - the cursed +2 helmet of Supernal Wisdom (worn) {Int+3, Self, Fort}
   (You bought it in a shop on level 3 of the Dungeon)

   It has a curse which improves the following skills: Introspection: Fighting
   and Spellcasting.
   Fortitude: Armour and Shields.
 J - the cursed +2 buckler "Behold Eternity" (worn) {Self, Melee}
   (You bought it in a shop on level 3 of the Dungeon)

   It has a curse which improves the following skills: Introspection: Fighting
   and Spellcasting.
   Melee Combat: Short Blades, Long Blades, Axes, Maces & Flails, Polearms,
   Staves and Unarmed Combat.
 Q - a scarf of repulsion
Magical Staves
 e - a staff of air {!a}
Jewellery
 F - a ring of fire
 I - the cursed ring "Ruined Together" (left hand) {Int+6, Dev, Self}
   (You found it on level 1 of the Dungeon)

   [ring of intelligence]

   Int+6:     It affects your intelligence (+6).
   It has a curse which improves the following skills: Devices: Evocations and
   Shapeshifting.
   Introspection: Fighting and Spellcasting.
 R - the cursed amulet of Ashenzari's Insecurity (around neck) {RegenMP, Alch, Bglg}
   (You found it on level 11 of the Dungeon)

   [amulet of magic regeneration]

   RegenMP:   It increases your rate of magic regeneration.
   It has a curse which improves the following skills: Alchemy: Poison Magic and
   Transmutations.
   Beguiling: Conjurations, Hexes and Translocations.
 W - the cursed ring "Oracular Secrets" (right hand) {MP+9, Fort, Bglg}
   (You found it on level 5 of the Dungeon)

   [ring of magical power]

   MP+9:      It affects your magic capacity (+9).
   It has a curse which improves the following skills: Fortitude: Armour and
   Shields.
   Beguiling: Conjurations, Hexes and Translocations.
 X - the ring of Idealism {rPois rF++ rC- Str+3 Dex+6}
   (You found it in a Gauntlet)

   [ring of dexterity]

   Str+3:     It affects your strength (+3).
   Dex+6:     It affects your dexterity (+6).
   rF++:      It greatly protects you from fire.
   rC-:       It makes you vulnerable to cold.
   rPois:     It protects you from poison
 Z - a ring of wizardry
Wands
 u - a wand of mindburst (22)
 w - a wand of polymorph (19)
 x - a wand of roots (19)
 E - a wand of paralysis (14)
 O - a wand of flame (46)
 V - a wand of digging (9)
Scrolls
 h - 2 scrolls of revelation
 i - 9 scrolls of teleportation {@r4}
 m - a scroll of immolation
 n - 2 scrolls of amnesia
 y - 3 scrolls of poison
 B - a scroll of fog
 G - 3 scrolls of blinking
 K - 2 scrolls of enchant weapon
 M - 4 scrolls of vulnerability
 N - 2 scrolls of enchant armour
 S - a scroll of silence {!r}
Potions
 b - a potion of lignification
 d - 2 potions of magic
 o - 3 potions of haste {@q3}
 p - 3 potions of brilliance
 r - 4 potions of berserk rage {!q}
 s - 2 potions of might
 t - 4 potions of enlightenment
 v - 10 potions of curing {@q1}
 z - 4 potions of invisibility
 A - a potion of resistance
 C - 4 potions of attraction
 P - a potion of cancellation
 U - 2 potions of mutation
Miscellaneous
 L - a phial of floods (inert)
 Y - a tin of tremorstones (2/2)

Dungeon Overview and Level Annotations

Branches:
Dungeon (12/15)            Temple (1/1) D:4            Lair (5/5) D:9
  Swamp (0/4) Lair:3       Spider (0/4) Lair:3        Slime (0/5) Lair:4
    Orc (0/2) D:11          Sewer (visited)         Gauntlet (visited)

Altars:
Ashenzari
Cheibriados
Dithmenos
Elyvilon
Fedhas
Gozag
Hepliaklqana
Kikubaaqudgha
Makhleb
Nemelex Xobeh
Okawaru
Qazlal
Ru
Sif Muna
Trog
Uskayaw
Vehumet
Wu Jian
Xom
Yredelemnul
Zin
The Shining One
Jiyva

Shops:
D:3 [

Portals:
Trove: D:11 (show abyssal rune of Zot)

Annotations:
D:9 3 runed translucent doors, bmb222's ghost, novice FoFi; olddryhag's ghost, journeyman MfSh

###########.#######.,,,,,
.,,......^.........>....,
.,,........######.#.....,
#,,.........## *...<...,
##,..........## *.......,
.##...........##*.......,
..##...........##.......,
...##...........#.......,
....###+###.....@.......,
.÷).(.....#....B.†......,
+▒▒▒▒..)).#......#......,
.,,,▒▒.÷..'......#..####*
.,*,,▒▒...#......#,.# *
.**,,,▒▒.÷#......#,.# *
#**,,,,▒▒.##.....#,,#****
,,*,,,,,*..##....#,,,,,,,
,,*****,*...#*,,,,,,,,,,,


You could see a boulder beetle.


Message History

Press: ? - help, Shift-Dir - straight line, f/p - boulder beetle
Aim: a boulder beetle (moderately wounded, 100% to hit)
The blast of sand hits the boulder beetle but does no damage.
The boulder beetle is moderately wounded.
You block the boulder beetle's attack.
The boulder beetle bites you but does no damage.
You are confused.
You feel invigorated.
The boulder beetle leaps!
The boulder beetle curls into a ball and begins rolling!
You feel less invigorated.
You feel less confused.
Casting: Sandblast (safe; 0% risk of failure)
Confirm with . or Enter, or press ? or * to list all spells.
Aiming: Stone Arrow (safe; 1% risk of failure)
Press: ? - help, Shift-Dir - straight line, f/p - boulder beetle
Aim: a boulder beetle (lightly wounded, rolling, 100% to hit)
The stone arrow hits the boulder beetle!
The boulder beetle is moderately wounded.
The boulder beetle hits you!!!
* * * LOW HITPOINT WARNING * * *
The boulder beetle stops rolling and uncurls.
Casting: Stone Arrow (safe; 1% risk of failure)
Confirm with . or Enter, or press ? or * to list all spells.
Aiming: Stone Arrow (safe; 1% risk of failure)
Press: ? - help, Shift-Dir - straight line, f/p - boulder beetle
Aim: a boulder beetle (moderately wounded, 100% to hit)
The stone arrow hits the boulder beetle!!
The boulder beetle is heavily wounded.
The boulder beetle bites you!
You die...

Skill      XL: |  1  2  3  4  5  6  7  8  9 10 11 12 13 14 |
---------------+-------------------------------------------+-----
Earth Magic    | 4 5 6 7 8 10 12 14 15 16 17 | 17.4
Fighting       | 1 2 3 4 5 7 8 10 11 12 | 12.9
Armour         | 1 2 3 4 5 7 8 10 11 12 13 | 13.0
Conjurations   | 3 6 7 8 |  8.8
Spellcasting   | 3 5 6 7 |  7.6
Shields        | 3 5 |  5.6
Evocations     | 2 4 |  4.4
Dodging        | |  1.5
Stealth        | |  2.1
Transmutations | |  0.7

Action                     |  1- 3 |  4- 6 |  7- 9 | 10-12 | 13-15 || total
---------------------------+-------+-------+-------+-------+-------++-------
  Melee: Unarmed           |    20 |       |       |       |       ||    20
         Punch             |     1 |       |       |     1 |       ||     2
         Hand axe          |       |     1 |       |    53 |    50 ||   104
         Battleaxe         |       |     8 |     7 |     9 |       ||    24
   Cast: Sandblast         |    51 |    85 |   153 |   174 |   203 ||   666
         Stone Arrow       |       |       |    22 |   147 |   308 ||   477
         Passwall          |       |       |     1 |     3 |     4 ||     8
         Petrify           |       |       |       |     6 |     1 ||     7
 Invoke: Curse Item        |       |       |     1 |     6 |     4 ||    11
         Shatter the Chain |       |       |       |     2 |       ||     2
  Evoke: Phial of floods   |       |       |       |       |     1 ||     1
    Use: Potion            |       |     3 |       |       |     6 ||     9
         Scroll            |       |       |    11 |     8 |     2 ||    21
   Stab: Petrified         |       |       |       |     2 |       ||     2
 Armour: Leather armour    |    36 |    25 |       |       |       ||    61
         Ring mail         |       |    21 |   131 |    85 |       ||   237
         Chain mail        |       |       |       |   494 |   536 ||  1030
         Skin              |       |       |       |       |     2 ||     2
  Dodge: Dodged            |    42 |    42 |    88 |   170 |   161 ||   503
  Block: Buckler           |       |       |       |     9 |   138 ||   147

Levels and vault maps discovered:
D:1:      spicycebolla_arrival_xxxplode, layout_loops_ring,
          hellmonk_ecumenical_altar_dog_temple
D:2:      minmay_general_purpose_star, layout_rooms, st_stairs_13,
          pf_guarded_unrand_woodcutter
D:3:      layout_loops_cross, serial_shops, nicolae_shop_stone,
          minmay_tree_intersection, nrook_loot_triangle, corexii_hall_statues_x,
          columned_hall_lemuel, st_stairs_1, uniq_terence
D:4:      layout_rooms, minmay_temple_entry_mini_moons, hellmonk_no_cap
D:5:      layout_layer_cave, general_overflow_altar,
          cheibrodos_sewer_entry_drain
D:6:      minmay_evil_eye, layout_basic, okawaru_ov_weapons_minmay
D:7:      layout_loops_ring, kennysheep_ying_yang, lemuel_tele_altar,
          minmay_strange_pillars, chequers_serial_rivers_small_b,
          minmay_alternating_orb, uniq_jeremiah, uniq_menkaure
D:8:      layout_loops_corners, mainiacjoe_overflow_alcove_4,
          chequers_serial_rivers_micro_e, minivault_11
D:9:      layout_gridville, nicolae_tso_swordbearing_angel, david_lair_shrubbed,
          gammafunk_ghost_cemetery, uniq_pikel
D:10:     layout_small_grid, mainiacjoe_overflow_cross_hatched,
          nicolae_vehumet_radiance
D:11:     layout_roguey, minmay_orc_entry_temple_large, enter_trove_0,
          uniq_urug, uniq_josephine, uniq_erica
D:12:     minmay_concentric_multi, layout_basic, gauntlet_entry_generic,
          regret_index_xom_of_box
Temple:   nicolae_temple_ecumenical_triangle
Lair:1:   layout_chaotic_city, lemuel_fruit_fields, infiniplex_staircase_pool
Lair:2:   layout_gridlike, nicolae_quartered_pool_impasse,
          dreamdust_mushroom_princess, chequers_serial_rivers_micro_e,
          minivault_24, serial_bayou_shore_a, grunt_megastairs_2
Lair:3:   layout_misc_corridors, swamp_mist, nicolae_spider_entry_non_spiders,
          lemuel_fruit_fields, uniq_sonja
Lair:4:   layout_gridlike, minmay_slime_entry_eyes, lemuel_fruit_fields,
          serial_bayou_shore_b
Lair:5:   minmay_lair_end_frog_pond, layout_concentric_octagons

Notes
Turn   | Place    | Note
-------+----------+-------------------------------------------
     0 | D:1      | mirrorencyclopedia the Gargoyle Earth Elementalist began
                  | the quest for the Orb.
     0 | D:1      | Reached XP level 1. HP: 10/10 MP: 3/3
    31 | D:1      | Found a faded altar of an unknown god.
   144 | D:1      | Reached XP level 2. HP: 16/16 MP: 1/5
   148 | D:1      | Reached skill level 4 in Earth Magic
   370 | D:1      | Reached skill level 1 in Fighting
   422 | D:1      | Reached skill level 1 in Armour
   608 | D:1      | Reached XP level 3. HP: 20/20 MP: 3/6
  1212 | D:2      | Reached XP level 4. HP: 26/26 MP: 5/7
  1220 | D:2      | Reached skill level 5 in Earth Magic
  1286 | D:2      | Reached skill level 2 in Fighting
  1511 | D:2      | Reached skill level 2 in Armour
  1625 | D:2      | Reached XP level 5. HP: 30/30 MP: 6/8
  1897 | D:2      | Found the +5 woodcutter's axe
  1905 | D:2      | Reached skill level 6 in Earth Magic
  2049 | D:2      | Reached XP level 6. HP: 35/36 MP: 6/9
  2364 | D:3      | Learned a level 2 spell: Passwall
  2368 | D:3      | Learned a level 3 spell: Stone Arrow
  2948 | D:3      | Found Weap's Armour Emporium.
  2950 | D:3      | Noticed Terence
  2960 | D:3      | Reached skill level 3 in Fighting
  2960 | D:3      | Reached skill level 3 in Armour
  2963 | D:3      | Killed Terence
  3134 | D:4      | Reached skill level 7 in Earth Magic
  3134 | D:4      | Reached XP level 7. HP: 29/41 MP: 6/10
  3144 | D:4      | Reached skill level 4 in Fighting
  3144 | D:4      | Reached skill level 4 in Armour
  3534 | D:4      | Identified the +7 hand axe "Iral" {distort, rPois Will+
                  | Int-3}
  3589 | D:4      | Found a staircase to the Ecumenical Temple.
  3596 | D:4      | Reached skill level 8 in Earth Magic
  3602 | Temple   | Entered the Ecumenical Temple
  3611 | Temple   | Became a worshipper of Ashenzari the Shackled
  3753 | D:4      | Reached XP level 8. HP: 48/48 MP: 5/11
  3873 | D:5      | Entered Level 5 of the Dungeon
  4242 | D:5      | Found a glowing drain.
  4253 | Sewer    | Entered a sewer
  4392 | Sewer    | Reached skill level 5 in Armour
  4403 | Sewer    | Reached skill level 9 in Earth Magic
  4482 | Sewer    | Reached skill level 5 in Fighting
  4551 | Sewer    | Found a viscous altar of Jiyva.
  5773 | D:5      | Found a burning altar of Makhleb.
  5925 | D:6      | You fall into a shaft and drop 3 floors!
  5950 | D:8      | Reached skill level 10 in Earth Magic
  5976 | D:8      | Reached XP level 9. HP: 55/55 MP: 12/12
  6099 | D:7      | Reached skill level 6 in Armour
  6107 | D:6      | Reached skill level 6 in Fighting
  6124 | D:6      | Found an iron altar of Okawaru.
  6318 | D:3      | Bought a +2 helmet of intelligence for 301 gold pieces
  6565 | D:6      | Reached skill level 11 in Earth Magic
  7094 | D:7      | Found a shadowy altar of Dithmenos.
  7194 | D:7      | Reached skill level 7 in Armour
  7198 | D:7      | Reached skill level 7 in Fighting
  7318 | D:7      | Noticed Jeremiah
  7319 | D:7      | Noticed Menkaure
  7330 | D:7      | Killed Menkaure
  7570 | D:7      | Found a white marble altar of Elyvilon.
  7624 | D:7      | Reached skill level 12 in Earth Magic
  7630 | D:7      | Reached XP level 10. HP: 54/63 MP: 7/13
  8165 | D:7      | Found a basalt altar of Yredelemnul.
  8373 | D:7      | Killed Jeremiah
  8525 | D:8      | Found a hide-covered altar of Uskayaw.
  8655 | D:8      | Reached skill level 8 in Armour
  8710 | D:8      | Reached skill level 8 in Fighting
  8962 | D:8      | Noticed a deep elf pyromancer
  8968 | D:8      | Reached skill level 13 in Earth Magic
  8968 | D:8      | Noticed a manticore
  8971 | D:8      | Killed a deep elf pyromancer
  9098 | D:8      | Killed a manticore
  9216 | D:8      | Reached * piety under Ashenzari
  9216 | D:8      | Identified a potion of resistance
 10190 | D:9      | Reached skill level 14 in Earth Magic
 10214 | D:9      | Found a runed translucent gate.
 10214 | D:9      | Found a runed translucent gate.
 10214 | D:9      | Found a runed translucent gate.
 10226 | D:9      | Reached XP level 11. HP: 72/72 MP: 14/14
 10304 | D:9      | Reached skill level 9 in Armour
 10308 | D:9      | Reached ** piety under Ashenzari
 10342 | D:9      | Found a staircase to the Lair.
 10414 | D:9      | Noticed olddryhag's ghost (journeyman MfSh)
 10415 | D:9      | Noticed bmb222's ghost (novice FoFi)
 10444 | D:9      | Noticed Pikel
 10450 | D:9      | Killed Pikel
 10451 | D:9      | Reached skill level 9 in Fighting
 10754 | D:9      | Found a glowing golden altar of the Shining One.
 10898 | D:10     | Entered Level 10 of the Dungeon
 10901 | D:10     | Found a sacrificial altar of Ru.
 11022 | D:10     | Learned a level 4 spell: Petrify
 11022 | D:10     | Reached *** piety under Ashenzari
 11032 | D:10     | Found a radiant altar of Vehumet.
 11243 | D:3      | Bought a +1 pair of boots for 161 gold pieces
 11243 | D:3      | Bought a +0 buckler for 63 gold pieces
 11405 | Lair:1   | Entered Level 1 of the Lair of Beasts
 12033 | D:9      | Reached skill level 1 in Conjurations
 12218 | D:9      | Reached skill level 15 in Earth Magic
 12442 | Lair:1   | Reached skill level 2 in Conjurations
 12873 | Lair:1   | Reached skill level 10 in Armour
 12880 | Lair:1   | Reached skill level 10 in Fighting
 13250 | Lair:2   | Reached skill level 3 in Conjurations
 13465 | Lair:2   | Reached **** piety under Ashenzari
 13527 | Lair:2   | Noticed a death yak
 13527 | Lair:2   | Noticed a death yak
 13532 | Lair:2   | Reached skill level 3 in Spellcasting
 13545 | Lair:2   | Killed a death yak
 13546 | Lair:2   | Reached XP level 12. HP: 73/81 MP: 5/19
 13551 | Lair:2   | Killed a death yak
 13784 | Lair:2   | Reached skill level 4 in Conjurations
 14774 | Lair:3   | Reached skill level 4 in Spellcasting
 14776 | Lair:3   | Noticed Sonja
 14782 | Lair:3   | Killed Sonja
 14839 | Lair:3   | Noticed a four-headed hydra
 14845 | Lair:3   | Killed a one-headed hydra
 14917 | Lair:3   | Found a staircase to the Swamp.
 15032 | Lair:3   | Reached skill level 5 in Conjurations
 15238 | Lair:3   | Reached skill level 11 in Armour
 15353 | Lair:3   | Reached skill level 11 in Fighting
 15483 | Lair:3   | Found a hole to the Spider Nest.
 15503 | Lair:3   | Noticed a death yak
 15503 | Lair:3   | Noticed a death yak
 15525 | Lair:3   | Killed a death yak
 15526 | Lair:3   | Reached skill level 16 in Earth Magic
 15548 | Lair:3   | Killed a death yak
 15549 | Lair:3   | Reached skill level 5 in Spellcasting
 15756 | Lair:3   | Reached skill level 6 in Conjurations
 15768 | Lair:3   | Noticed an eight-headed hydra
 15778 | Lair:3   | Killed an eight-headed hydra
 15829 | Lair:3   | Noticed a death yak
 15830 | Lair:3   | Noticed a death yak
 15976 | Lair:2   | Killed a death yak
 15977 | Lair:2   | Reached XP level 13. HP: 67/87 MP: 5/23
 16893 | Lair:4   | Reached skill level 1 in Shields
 17398 | Lair:4   | Identified the +1 orcbow of Lies {drain, ^Drain Fly rElec
                  | Str-4}
 17420 | Lair:4   | Reached skill level 2 in Shields
 17420 | Lair:4   | Reached skill level 6 in Spellcasting
 17420 | Lair:4   | Reached skill level 1 in Evocations
 17603 | Lair:4   | Found a staircase to the Slime Pits.
 17603 | Lair:4   | Found a viscous altar of Jiyva.
 17724 | Lair:4   | Reached skill level 7 in Conjurations
 17903 | Lair:4   | Identified the +4 rapier of Taxation {freeze, +Blink rPois}
 18168 | Lair:5   | Entered Level 5 of the Lair of Beasts
 18411 | Lair:5   | Reached skill level 12 in Armour
 18562 | Lair:5   | Reached skill level 12 in Fighting
 18562 | Lair:5   | Reached skill level 2 in Evocations
 18599 | Lair:5   | Reached skill level 3 in Shields
 19124 | Lair:5   | Gained mutation: Your large and strong wings let you fly.
                  | [Gargoyle growth]
 19124 | Lair:5   | Reached XP level 14. HP: 72/96 MP: 20/27
 19261 | Lair:5   | Reached skill level 4 in Shields
 19265 | Lair:5   | Reached skill level 3 in Evocations
 19659 | Lair:5   | Reached skill level 17 in Earth Magic
 19946 | Lair:5   | Reached skill level 8 in Conjurations
 20524 | D:10     | Reached ***** piety under Ashenzari
 21048 | D:11     | Reached skill level 7 in Spellcasting
 21228 | D:11     | Found a portal to a secret trove of treasure.
 21277 | D:11     | Noticed Josephine
 21282 | D:11     | Killed Josephine
 21710 | D:11     | Noticed Erica
 21734 | D:11     | Identified the cursed +3 hand axe of Supernal Gnosis
                  | {flame, Fort, Bglg} (You found it on level 1 of the
                  | Dungeon)
 21734 | D:11     | Identified the cursed +1 cloak "Share My Seer" {Bglg, Elem}
                  | (You found it on level 5 of the Dungeon)
 21734 | D:11     | Identified the cursed +0 chain mail "Shackled Together"
                  | {Bglg, Range} (You took it off an orc on level 8 of the
                  | Dungeon)
 21734 | D:11     | Identified the cursed ring "Ruined Together" {Int+6, Dev,
                  | Self} (You found it on level 1 of the Dungeon)
 21734 | D:11     | Identified the cursed ring "Oracular Secrets" {MP+9, Fort,
                  | Bglg} (You found it on level 5 of the Dungeon)
 21738 | D:11     | Killed Erica
 21855 | D:11     | Found a staircase to the Orcish Mines.
 22044 | D:11     | Noticed Urug
 22059 | D:11     | Killed Urug
 22376 | D:12     | Found a gate leading to a gauntlet.
 22383 | Gauntlet | Entered a Gauntlet
 22383 | Gauntlet | Found a transporter.
 22383 | Gauntlet | Found a transporter.
 22400 | Gauntlet | Found a transporter.
 22419 | Gauntlet | Identified the +0 helmet of Amelioration {rC+}
 22420 | Gauntlet | Found a transporter.
 22420 | Gauntlet | Found a transporter.
 22423 | Gauntlet | Found a transporter.
 22423 | Gauntlet | Found a transporter.
 22423 | Gauntlet | Found a transporter.
 22433 | Gauntlet | Found a runed translucent gate.
 22434 | Gauntlet | Identified the amulet "Tuppemys" {Spirit rC+}
 22435 | Gauntlet | Found a runed translucent gate.
 22435 | Gauntlet | Found a transporter.
 22436 | Gauntlet | Found a runed translucent gate.
 22452 | Gauntlet | Identified the ring of Idealism {rPois rF++ rC- Str+3
                  | Dex+6}
 22453 | Gauntlet | Found a transporter.
 22463 | Gauntlet | Found a transporter.
 22480 | Gauntlet | Found a transporter.
 22498 | Gauntlet | Found a transporter.
 22514 | Gauntlet | Found a transporter.
 23030 | D:12     | Identified the +8 flail of the Thing {spect, Str+3}
 23035 | D:12     | Reached skill level 5 in Shields
 23080 | D:12     | Reached skill level 4 in Evocations
 23358 | D:12     | Identified the +6 chain mail "Jigenid" {^Contam +Inv
                  | Slay+6}
 23777 | D:12     | Learned a level 4 spell: Brom's Barrelling Boulder
 23784 | D:12     | Reached skill level 13 in Armour
 23814 | D:12     | Slain by a boulder beetle

Vanquished Creatures
  A minotaur (Gauntlet)
  Josephine (D:11)
  8 hydras
  A rakshasa (D:12)
  A catoblepas (Gauntlet)
  Erica (D:11)
  A centaur warrior (D:12)
  6 death yaks
  A boulder beetle (D:12)
  2 two-headed ogres
  Urug (D:11)
  A tengu warrior (D:12)
  Sonja (Lair:3)
  2 skysharks (Lair:5)
  An obsidian statue (Gauntlet)
  A deep elf pyromancer (D:8)
  Pikel (D:9)
  An oklob plant (Lair:2)
  A cyclops (D:12)
  4 ugly things (D:12)
  4 manticores
  3 black mambas
  2 molten gargoyles (Gauntlet)
  An eye of devastation (Lair:4)
  A torpor snail (Lair:2)
  A gargoyle (Gauntlet)
  6 komodo dragons
  Jeremiah (D:7)
  16 cane toads
  3 rime drakes
  A tengu conjurer (D:12)
  An unseen horror (D:12)
  A freezing wraith (D:12)
  2 trolls
  2 polar bears
  3 tyrant leeches (Lair:5)
  A glass eye (Lair:4)
  6 dream sheep (Lair:5)
  21 blink frogs
  A centaur simulacrum (D:12)
  A yak (shapeshifter) (D:12)
  2 shadows
  A ynoxinul (Gauntlet)
  5 wyverns
  46 yaks
  4 wraiths
  6 vampire mosquitoes
  Menkaure (D:7)
  2 steam dragons
  15 water moccasins
  4 acid dragons
  2 sky beasts (D:7)
  3 orc warriors
  2 ogres
  3 black bears
  10 wolves
  3 centaurs
  2 lemures (D:9)
  A phantom (D:7)
  4 kobold brigands
  23 bullfrogs
  2 gnoll sergeants
  8 scorpions
  15 killer bees
  4 electric eels
  9 howler monkeys
  12 orc priests
  7 hounds
  9 jellies
  5 sleepcaps
  4 iron imps (Gauntlet)
  4 iguanas
  Terence (D:3)
  8 orc wizards
  25 gnolls
  9 adders
  A river rat (Sewer)
  A shadow imp (D:6)
  2 white imps (D:7)
  2 ufetubi (D:7)
  A worm (D:3)
  2 dart slugs
  31 orcs
  9 ball pythons
  8 bats
  15 endoplasms
  10 giant cockroaches
  10 hobgoblins
  9 jackals
  5 quokkas
  12 frilled lizards
  5 goblins
  18 kobolds
  11 rats
528 creatures vanquished.

Vanquished Creatures (others)
  An ogre (D:7)
1 creature vanquished.

Grand Total: 529 creatures vanquished

Table legend: (Time is in decaauts)
 A = Elapsed time spent in this place.
 B = Non-inter-level travel time spent in this place.
 C = Inter-level travel time spent in this place.
 D = Time resting spent in this place.
 E = Time spent auto-exploring this place.
 F = Levels seen in this place.
 G = Mean time per level.
                   A        B        C        D        E       F      G
               +--------+--------+--------+--------+--------+-----+--------+
         Total |  24292 |  23196 |   1096 |   7678 |  11142 |  20 | 1214.6 |
       Dungeon |  14638 |  13765 |    873 |   3976 |   7382 |  12 | 1219.8 |
        Temple |     18 |      2 |     16 |      0 |      0 |   1 |   18.0 |
          Lair |   8539 |   8333 |    206 |   3332 |   3357 |   5 | 1707.8 |
         Sewer |    484 |    484 |      0 |     65 |    277 |   1 |  484.0 |
      Gauntlet |    610 |    610 |      0 |    305 |    126 |   1 |  610.0 |
               +--------+--------+--------+--------+--------+-----+--------+

Top non-repeatable levels by time:
  Lair:5: 1992 daAuts
     D:9: 1839 daAuts
  Lair:4: 1778 daAuts
  Lair:3: 1733 daAuts
  Lair:2: 1706 daAuts
     D:5: 1662 daAuts
     D:8: 1473 daAuts
    D:11: 1388 daAuts
     D:7: 1361 daAuts
  Lair:1: 1329 daAuts
     D:1: 1173 daAuts
     D:3: 1145 daAuts
     D:6: 1090 daAuts
     D:2: 1039 daAuts
    D:12: 844 daAuts

Table legend:
 A = Non-vault XP
 B = Vault XP
 C = Vault XP percentage of total XP
 D = Non-vault monster count
 E = Vault monster count
 F = Vault count percentage of total count
                 A         B        C        D         E       F
            +---------+---------+-------+---------+---------+-------
      Total |   48925 |   33119 |  40.4 |     351 |     175 |  33.3
            +---------+---------+-------+---------+---------+-------
        D:1 |      56 |       6 |   9.7 |      30 |       3 |   9.1
        D:2 |     116 |     145 |  55.6 |      25 |       9 |  26.5
        D:3 |      85 |      42 |  33.1 |      20 |       3 |  13.0
        D:4 |     650 |     113 |  14.8 |      20 |       3 |  13.0
        D:5 |     799 |       2 |   0.2 |      27 |       2 |   6.9
        D:6 |     519 |     408 |  44.0 |      17 |       6 |  26.1
        D:7 |     850 |    1510 |  64.0 |      15 |      15 |  50.0
        D:8 |    2530 |       0 |   0.0 |      22 |       0 |   0.0
        D:9 |    2917 |    1192 |  29.0 |      21 |       3 |  12.5
       D:10 |     357 |       0 |   0.0 |       6 |       0 |   0.0
       D:11 |    1860 |    3799 |  67.1 |      18 |      24 |  57.1
       D:12 |    2692 |    9002 |  77.0 |       7 |      18 |  72.0
     Lair:1 |    4182 |       0 |   0.0 |      22 |       0 |   0.0
     Lair:2 |    6021 |    1513 |  20.1 |      16 |       4 |  20.0
     Lair:3 |    9378 |    1283 |  12.0 |      31 |       9 |  22.5
     Lair:4 |    6780 |     688 |   9.2 |      29 |       2 |   6.5
     Lair:5 |    9133 |    9011 |  49.7 |      25 |      34 |  57.6
      Sewer |       0 |     243 | 100.0 |       0 |      29 | 100.0
   Gauntlet |       0 |    4162 | 100.0 |       0 |      11 | 100.0
            +---------+---------+-------+---------+---------+-------
